 Dungeon Crawl Stone Soup version 0.19.4 (webtiles) character file.

77 Jerry the Slasher (level 4, -1/39 HPs)
             Began as a Minotaur Monk on Jan 31, 2017.
             Slain by a worm (12 damage)
             ... on level 2 of the Dungeon.
             The game lasted 00:02:41 (1791 turns).

Jerry the Slasher (Minotaur Monk)                   Turns: 1791, Time: 00:02:41

Health: -1/39      AC:  2    Str: 17    XL:     4   Next: 13%
Magic:  3/3        EV: 13    Int:  7    God:
Gold:   66         SH:  0    Dex: 12    Spells: 0 memorised, 3 levels left

rFire  . . .     SeeInvis .     a - +0 falchion
rCold  . . .     Gourm    .     b - +0 robe
rNeg   . . .     Faith    .     (no shield)
rPois  .         Spirit   .     (helmet restricted)
rElec  .         Reflect  .     (no cloak)
rCorr  .         Harm     .     (no gloves)
MR     .....                    (no boots)
Stlth  +.........               (no amulet)
                                (no ring)
                                g - ring of loudness (curse)

@: no status effects
A: retaliatory headbutt, horns 2
a: no special abilities


You were on level 2 of the Dungeon.
You were not hungry.

You visited 1 branch of the dungeon, and saw 3 of its levels.

You collected 66 gold pieces.

Inventory:

Hand Weapons
 a - a +0 falchion (weapon)
Armour
 b - a +0 robe (worn)
Jewellery
 g - a cursed ring of loudness (left hand)
Scrolls
 e - 2 scrolls of random uselessness {unknown}
 f - a scroll of recharging {unknown}
 h - a scroll of enchant armour {unknown}
 k - a scroll of teleportation {unknown}
 n - a scroll of fog {unknown}
 p - a scroll of fear {unknown}
Potions
 i - a potion of invisibility {unknown}
 j - a potion of lignification {unknown}
 l - a potion of flight {unknown}
 o - a potion of cancellation {unknown}
 r - a potion of degeneration {unknown}
Comestibles
 c - 2 bread rations
 d - 2 chunks of flesh
 m - 2 meat rations
 q - a beef jerky


   Skills:
 - Level 3.6 Fighting
 * Level 5.1 Long Blades
 + Level 1.9 Armour
 + Level 3.8 Dodging
 - Level 1.5 Stealth


You had 3 spell levels left.
You didn't know any spells.

Dungeon Overview and Level Annotations

Branches:
Dungeon (3/15)

Altars:


Innate Abilities, Weirdness & Mutations

You reflexively headbutt those who attack you in melee.
You have a pair of horns on your head.


Message History

The worm is lightly wounded.
The worm bites you!
You hit the worm. You headbutt the worm.
The worm is moderately wounded.
The worm bites you!
You hit the worm.
The worm is heavily wounded.
You hit the worm.
The worm is severely wounded.
The worm bites you!
* * * LOW HITPOINT WARNING * * *
You are too injured to fight recklessly!
You are too injured to fight recklessly!
You are too injured to fight recklessly!
You are too injured to fight recklessly!
You hit the worm but do no damage.
You headbutt the worm, but do no damage.
The worm is severely wounded.
The worm bites you!
You die...

###...........# #..#######.# ###
....########### #..........# #..
##### ##.#######..####.#
#..........[..#..#
#..#######..#.#..# ###### #..#
#..#.#... .....#
##..#######..#.#..#
###..##########........##..#รท#..#
#.............@w...............
##.###########.#####.##..#.##.#
#.# #>#####.##.......# #.#
#..<...[......##.# #.#
#######.##.#####.# #.#
#.#..#####.# #.# #.#.#.......
#.##### #.#.#.####.# #.....#
#.#.#.# #..


You could see a worm.

Vanquished Creatures
  2 adders (D:2)
  3 worms (D:2)
  A dart slug (D:2)
  2 leopard geckos (D:1)
  8 bats
  A giant cockroach (D:2)
  4 hobgoblins
  A quokka (D:2)
  7 frilled lizards
  4 goblins
  6 kobolds
  13 rats
52 creatures vanquished.

Notes
Turn   | Place    | Note
-------+----------+-------------------------------------------
     0 | D:1      | Jerry the Minotaur Monk began the quest for the Orb.
     0 | D:1      | Reached XP level 1. HP: 19/19 MP: 0/0
   242 | D:1      | Reached skill level 4 in Long Blades
   490 | D:1      | Reached XP level 2. HP: 26/26 MP: 1/1
   701 | D:1      | Reached skill level 1 in Armour
   903 | D:2      | Reached XP level 3. HP: 28/31 MP: 2/2
  1070 | D:2      | Reached skill level 5 in Long Blades
  1256 | D:2      | Reached XP level 4. HP: 18/39 MP: 3/3
  1753 | D:3      | Noticed an orc warrior
  1791 | D:2      | Slain by a worm

Skill      XL: |  1  2  3 |
---------------+----------+-----
Long Blades    | 4 5 |  5.1
Armour         | 1 |  1.9
Fighting       | |  3.6
Dodging        | |  3.8
Stealth        | |  1.5

Action                   |  1- 3 |  4- 6 || total
-------------------------+-------+-------++-------
Melee: Falchion          |    83 |    19 ||   102
       Headbutt          |    14 |     5 ||    19
 Stab: Sleeping          |     2 |       ||     2
  Eat: Chunk             |     1 |     2 ||     3
Armor: Robe              |    11 |     2 ||    13
Dodge: Dodged            |    53 |    16 ||    69
       Rpst.: Falchion   |    17 |     7 ||    24
